General information
- name: BNet
- type: Ladder team game (AT/RT)
- host: Battle.net
- saver: GODIEPLZ
map: BloodstoneMesa
- players: 6
- length: 15:00
- speed: Fast
- version: 1.24 W3XP
- replay type: Public
» download(116 KB)
Players
team 1 (winner)
CoLeGePaRtYeR17 (
purple | 88 APM | 1322 actions | 14:59)
3 Archmage
2 Summon Water Elemental
1 Brilliance Aura
2 Mountain King
1 Storm Bolt
1 Bash
1 Paladin
1 Holy Light
» actions
| Assign group hotkey | 18 | |
| Basic commands | 24 | |
| Build / train | 42 | |
| ESC pressed | 3 | |
| Enter build submenu | 19 | |
| Enter hero's abilities submenu | 6 | |
| Right click | 737 | |
| Select / deselect | 341 | |
| Select group hotkey | 61 | |
| Use ability | 71 | |
1322 total
» units
» upgrades
| Lumber Harvesting | 1 | |
| Plating | 2 | |
| Animal War Training | 1 | |
4 total
» buildings
| Altar of Kings | 3 | |
| Barracks | 2 | |
| Farm | 8 | |
| Scout Tower | 1 | |
| Arcane Tower | 1 | |
| Arcane Vault | 3 | |
| Keep | 1 | |
| Lumber Mill | 1 | |
| Castle | 1 | |
| Blacksmith | 1 | |
22 total
» build order
00:04 Altar of Kings
00:10 Barracks
00:32 Farm
01:01 Farm
01:23 Scout Tower
01:51 Arcane Tower
02:32 Arcane Vault
02:58 Farm
03:00 Farm
04:00 Keep
05:16 Farm
05:18 Lumber Mill
05:21 Farm
07:29 Altar of Kings
08:29 Altar of Kings
09:01 Arcane Vault
09:07 Arcane Vault
09:10 Farm
09:12 Farm
09:53 Castle
10:18 Blacksmith
10:52 Barracks
» items
GODIEPLZ (
yellow | 127 APM | 1904 actions | 15:00)
5 Death Knight
3 Death Coil
2 Unholy Aura
2 Lich
1 Frost Nova
1 Frost Armor
1 Crypt Lord
1 Impale
» actions
| Assign group hotkey | 22 | |
| Basic commands | 147 | |
| Build / train | 49 | |
| Enter build submenu | 14 | |
| Enter hero's abilities submenu | 8 | |
| Right click | 798 | |
| Select / deselect | 441 | |
| Select group hotkey | 330 | |
| Use ability | 95 | |
1904 total
» units
| Acolyte | 7 | |
| Ghoul | 3 | |
| Crypt Fiend | 12 | |
| Obsidian Statue | 3 | |
25 total
» upgrades
| Creature Attack | 2 | |
| Burrow | 1 | |
| Web | 1 | |
| Destroyer Form | 1 | |
5 total
» buildings
| Crypt | 1 | |
| Graveyard | 2 | |
| Altar of Darkness | 1 | |
| Ziggurat | 7 | |
| Tomb of Relics | 1 | |
| Nerubian Tower | 1 | |
| Halls of the Dead | 2 | |
| Slaughterhouse | 1 | |
| Black Citadel | 1 | |
17 total
» build order
00:07 Crypt
00:20 Graveyard
00:22 Graveyard
00:45 Altar of Darkness
00:58 Ziggurat
01:00 Ziggurat
01:24 Tomb of Relics
02:05 Ziggurat
02:14 Nerubian Tower
04:22 Halls of the Dead
04:22 Halls of the Dead
04:33 Ziggurat
05:46 Ziggurat
07:30 Slaughterhouse
08:52 Black Citadel
11:02 Ziggurat
12:02 Ziggurat
» items
| Rod of Necromancy | 3 | |
| Healing Salve | 1 | |
4 total
JumpStop (
green | 119 APM | 1784 actions | 14:59)
4 Blademaster
2 Wind Walk
2 Critical Strike
3 Far Seer
1 Feral Spirit
2 Chain Lighting
2 Shadow Hunter
1 Hex
1 Healing Wave
» actions
| Assign group hotkey | 101 | |
| Basic commands | 40 | |
| Build / train | 42 | |
| ESC pressed | 1 | |
| Enter build submenu | 15 | |
| Enter hero's abilities submenu | 10 | |
| Right click | 723 | |
| Select / deselect | 243 | |
| Select group hotkey | 540 | |
| Use ability | 69 | |
1784 total
» units
| Peon | 8 | |
| Wind Rider | 8 | |
| Raider | 1 | |
| Kodo Beast | 1 | |
18 total
» upgrades
| Ensnare | 1 | |
| War Drums Damage Increase | 1 | |
| Reinforced Defenses | 1 | |
| Envenomed Spears | 1 | |
4 total
» buildings
| Altar of Storms | 1 | |
| Orc Burrow | 6 | |
| Voodoo Lounge | 1 | |
| War Mill | 1 | |
| Stronghold | 1 | |
| Watch Tower | 3 | |
| Beastiary | 2 | |
| Fortress | 1 | |
16 total
» build order
00:03 Altar of Storms
00:15 Orc Burrow
00:55 Voodoo Lounge
01:38 War Mill
01:41 Orc Burrow
02:43 Stronghold
03:07 Watch Tower
03:24 Watch Tower
04:52 Watch Tower
05:08 Beastiary
05:10 Beastiary
05:15 Fortress
05:33 Orc Burrow
07:55 Orc Burrow
11:06 Orc Burrow
11:23 Orc Burrow
» items
| Healing Salve | 3 | |
| Lesser Clarity Potion | 2 | |
| Scroll of Town Portal | 1 | |
6 total
team 2 (loser)
KALiNKA (
teal | 63 APM | 935 actions | 14:56)
5 Tauren Chieftain
2 Shockwave
3 Endurance Aura
» actions
| Assign group hotkey | 17 | |
| Basic commands | 87 | |
| Build / train | 40 | |
| ESC pressed | 3 | |
| Enter build submenu | 12 | |
| Enter hero's abilities submenu | 4 | |
| Right click | 388 | |
| Select / deselect | 189 | |
| Select group hotkey | 138 | |
| Use ability | 57 | |
935 total
» units
| Peon | 8 | |
| Grunt | 8 | |
| Troll Headhunter/Berserker | 7 | |
23 total
» buildings
| Altar of Storms | 1 | |
| Orc Burrow | 3 | |
| Barracks | 1 | |
| Voodoo Lounge | 1 | |
| Stronghold | 1 | |
| War Mill | 1 | |
| Watch Tower | 5 | |
13 total
» build order
00:10 Altar of Storms
00:21 Orc Burrow
00:35 Barracks
01:42 Orc Burrow
01:50 Voodoo Lounge
03:18 Orc Burrow
04:46 Stronghold
05:51 War Mill
08:52 Watch Tower
08:53 Watch Tower
09:59 Watch Tower
11:21 Watch Tower
12:40 Watch Tower
» items
| Healing Salve | 2 | |
| Lesser Clarity Potion | 2 | |
| Scroll of Speed | 1 | |
| Potion of Healing | 4 | |
| Scroll of Town Portal | 1 | |
10 total
NiGHT.ElF. (
orange | 57 APM | 846 actions | 14:58)
3 Far Seer
2 Chain Lighting
1 Feral Spirit
» actions
| Assign group hotkey | 1 | |
| Build / train | 40 | |
| Enter build submenu | 14 | |
| Enter hero's abilities submenu | 3 | |
| Right click | 530 | |
| Select / deselect | 206 | |
| Use ability | 52 | |
846 total
» units
| Peon | 7 | |
| Grunt | 10 | |
| Raider | 5 | |
| Wind Rider | 1 | |
23 total
» upgrades
| Armor | 1 | |
| Berserker Strength | 1 | |
| Ensnare | 1 | |
| Melee Weapons | 1 | |
4 total
» buildings
| Altar of Storms | 1 | |
| Orc Burrow | 8 | |
| Barracks | 1 | |
| Voodoo Lounge | 1 | |
| War Mill | 1 | |
| Stronghold | 1 | |
| Beastiary | 2 | |
| Fortress | 1 | |
16 total
» build order
00:14 Altar of Storms
00:16 Orc Burrow
00:46 Barracks
01:42 Orc Burrow
02:12 Voodoo Lounge
03:09 Orc Burrow
03:16 War Mill
04:47 Stronghold
05:35 Orc Burrow
07:29 Beastiary
07:42 Beastiary
11:17 Fortress
12:42 Orc Burrow
12:43 Orc Burrow
12:45 Orc Burrow
13:16 Orc Burrow
» items
| Healing Salve | 2 | |
| Lesser Clarity Potion | 3 | |
| Scroll of Town Portal | 2 | |
7 total
OZZiE (
blue | 46 APM | 690 actions | 14:58)
3 Dreadlord
2 Carrion Swarm
1 Vampiric Aura
» actions
| Build / train | 47 | |
| Enter build submenu | 11 | |
| Enter hero's abilities submenu | 3 | |
| Remove unit from queue | 6 | |
| Right click | 426 | |
| Select / deselect | 166 | |
| Use ability | 31 | |
690 total
» units
| Acolyte | 2 | |
| Ghoul | 14 | |
| Crypt Fiend | 11 | |
| Gargoyle | -1 | |
| Abomination | 3 | |
29 total
» upgrades
| Web | 1 | |
| Disease Cloud | 1 | |
| Creature Carapace | 0 | |
| Unholy Armor | 1 | |
3 total
» buildings
| Altar of Darkness | 1 | |
| Ziggurat | 5 | |
| Crypt | 1 | |
| Tomb of Relics | 1 | |
| Halls of the Dead | 1 | |
| Graveyard | 1 | |
| Black Citadel | 1 | |
| Slaughterhouse | 2 | |
13 total
» build order
00:10 Altar of Darkness
00:12 Ziggurat
00:40 Crypt
01:02 Ziggurat
01:34 Tomb of Relics
02:20 Ziggurat
05:06 Halls of the Dead
05:49 Graveyard
08:20 Black Citadel
09:03 Ziggurat
10:21 Slaughterhouse
10:50 Slaughterhouse
11:19 Ziggurat
» items
| Rod of Necromancy | 2 | |
| Scroll of Town Portal | 1 | |
3 total
Chat log
(00:02 / All) GODIEPLZ: dont hack too hard
(00:05 / All) GODIEPLZ: gl
(00:15 / All) OZZiE: huh?
(00:16 / Allies) CoLeGePaRtYeR17: its almost always obvious
(00:17 / All) GODIEPLZ: hope u win with dat mh
(00:19 / Allies) CoLeGePaRtYeR17: how they got to their conclusion
(00:22 / All) NiGHT.ElF.: Hacks initiated.
(00:27 / All) OZZiE: Initiate drop hack in -T30
(00:37 / Allies) GODIEPLZ: watch out one is 6-3 rt
(00:43 / Allies) CoLeGePaRtYeR17: i dont want to compare other peoples shit
(00:43 / All) KALiNKA: well from ur boroww placemnet
(00:45 / All) OZZiE: who has mh?
(00:45 / Allies) CoLeGePaRtYeR17: to someone elses
(00:46 / Allies) JumpStop: i might got wyvs
(00:47 / Allies) CoLeGePaRtYeR17: what the fuck
(00:47 / All) KALiNKA: it dont look liek we need a hack
(01:05 / All) NiGHT.ElF.: Nuclear Launch Detected.
(01:06 / All) GODIEPLZ: wtf hack
(01:07 / All) KALiNKA: |orc is botom left
(01:12 / All) GODIEPLZ: wow hack.
(01:15 / All) JumpStop: u def need to hack
(01:23 / All) JumpStop: dats fo sho
(01:25 / All) KALiNKA: its only way i can win
(01:31 / All) GODIEPLZ: the irony teal
(01:33 / All) GODIEPLZ: is that its true
(01:34 / All) NiGHT.ElF.: hack hack hack
(01:42 / All) GODIEPLZ: even though u try to be sarcastic about it
(01:44 / All) GODIEPLZ: the truth is
(01:45 / All) GODIEPLZ: you do
(01:49 / All) OZZiE: lol.....
(01:54 / All) NiGHT.ElF.: its true for me too
(01:57 / All) GODIEPLZ: blue is drooling at the mouth
(02:00 / All) OZZiE: i dont need hack
(02:01 / All) GODIEPLZ: what an idiot.
(02:02 / All) KALiNKA: and let me win
(02:02 / All) OZZiE: im superman
(02:10 / All) JumpStop: u guys mouth breathers?
(02:16 / Allies) GODIEPLZ: daniel is
(02:21 / Allies) GODIEPLZ: he breathes hard on vent
(02:25 / All) OZZiE: i think you guys are hacking
(02:26 / Allies) CoLeGePaRtYeR17: ya
(02:27 / Allies) JumpStop: i should feed u
(02:30 / Allies) JumpStop: talons
(02:34 / All) KALiNKA: hackers r first to acuse someone of hacking
(02:36 / All) KALiNKA: just like liers
(02:40 / All) OZZiE: yep
(02:42 / All) GODIEPLZ: Ur mom.
(02:42 / All) CoLeGePaRtYeR17: stfu plz
(02:51 / All) OZZiE: caught red-handed!
(03:01 / All) NiGHT.ElF.: your mom is so hairy, the only language she speaks is wookie. Nyahhhhh
(03:09 / All) KALiNKA: my boros r pro not like urs grene
(03:12 / All) CoLeGePaRtYeR17: god 1
(03:16 / Allies) JumpStop: own him purp?
(04:22 / Allies) CoLeGePaRtYeR17: well
(04:29 / Allies) JumpStop: would have popped u if i had mana
(04:39 / All) NiGHT.ElF.: my hacks let me do that
(04:45 / All) JumpStop: aim a tp?
(04:47 / All) JumpStop: teach us
(04:51 / All) NiGHT.ElF.: its a secret
(04:57 / All) KALiNKA: get autoaim.exu hack
(05:02 / All) CoLeGePaRtYeR17: did u buy the latest hax for prozÉ
(05:03 / All) CoLeGePaRtYeR17: we did
(05:06 / All) CoLeGePaRtYeR17: i got skill v2.0
(05:15 / All) NiGHT.ElF.: cool
(05:40 / All) KALiNKA: i hack bc i love u
(06:34 / Allies) JumpStop: repair
(06:36 / Allies) JumpStop: give control
(07:02 / Allies) JumpStop: DL
(07:03 / Allies) JumpStop: DL
(07:44 / All) KALiNKA: hacks.orge
(07:45 / All) KALiNKA: :(
(08:25 / Allies) CoLeGePaRtYeR17: oops
(08:47 / All) GODIEPLZ: nice
(10:39 / All) GODIEPLZ: nice towers?
(10:45 / All) KALiNKA: ty
(10:51 / All) KALiNKA: used hack placement
(13:04 / Allies) JumpStop: funniest tower placement ever
(14:55 / All) KALiNKA: gg
(14:58 / All) GODIEPLZ: not really